 Dungeon Crawl Stone Soup version 0.26.1-10-gdfb7c7de75 (webtiles) character file.

Game seed: 4454098916448073295

633 nightchill the Slasher (level 7, -7/55 HPs)
             Began as a Vampire Gladiator on Apr 5, 2021.
             Mangled by an ogre
             ... wielding a +0 giant spiked club
              (17 damage)
             ... on level 5 of the Dungeon.
             The game lasted 00:06:27 (4573 turns).

nightchill the Slasher (Vampire Gladiator)          Turns: 4573, Time: 00:06:27

Health: -7/55      AC: 11    Str: 13    XL:     7   Next: 24%
Magic:  7/7        EV:  7    Int: 12    God:
Gold:   193        SH:  0    Dex: 16    Spells: 6/6 levels left

rFire    . . .     SeeInvis +   a - +0 long sword
rCold    . . .     Faith    .   (no shield)
rNeg     . . .     Spirit   .   h - +0 chain mail
rPois    .         Reflect  .   c - +0 helmet
rElec    .         Harm     .   w - +0 cloak
rCorr    .         Rampage  .   l - +0 pair of gloves
Will     .....                  (no boots)
Stlth    ..........             (no amulet)
HPRegen  0.38/turn              (no ring)
MPRegen  0.10/turn              (no ring)

@: regenerating quickly
A: fangs 3, see invisible, unbreathing
a: Exsanguinate


You were on level 5 of the Dungeon.
You visited 1 branch of the dungeon, and saw 5 of its levels.

You collected 193 gold pieces.

Inventory:

Hand Weapons
 a - a +0 long sword (weapon)
Missiles
 d - 3 throwing nets (quivered)
Armour
 b - a +0 leather armour
 c - a +0 helmet (worn)
 h - a +0 chain mail (worn)
 l - a +0 pair of gloves (worn)
 w - a +0 cloak (worn)
Jewellery
 g - an uncursed amulet of regeneration {unknown}
 m - an uncursed ring of resist corrosion {unknown}
Scrolls
 e - 7 scrolls of remove curse {unknown}
 f - 2 scrolls of immolation {unknown}
 j - 2 scrolls of fog {unknown}
 n - 3 scrolls of identify {unknown}
 p - a scroll of fear {unknown}
 s - 4 scrolls of teleportation {unknown}
 v - a scroll of amnesia {unknown}
 x - a scroll of magic mapping {unknown}
 y - a scroll of random uselessness {unknown}
Potions
 i - a potion of berserk rage {unknown}
 k - a potion of curing
 o - 2 potions of haste {unknown}
 q - a potion of degeneration {unknown}
 r - a potion of magic {unknown}
 t - 2 potions of invisibility {unknown}
 u - a potion of brilliance {unknown}


   Skills:
 + Level 4.4 Fighting
 * Level 7.1 Long Blades
 - Level 1.5 Throwing
 - Level 3.2 Dodging


You had 6 spell levels left.
You didn't know any spells.
Your spell library contained the following spells:

 Spells                   Type           Power        Failure   Level
 Magic Dart               Conj           0%           100%        1
 Blink                    Tloc           N/A          100%        2
 Call Imp                 Summ           0%           100%        2
 Slow                     Hex            0%           100%        2
 Conjure Flame            Conj/Fire      0%           100%        3
 Mephitic Cloud           Conj/Pois/Air  0%           100%        3


Dungeon Overview and Level Annotations

Branches:
Dungeon (5/15)
 Temple: D:4-7

Altars:
Cheibriados
Elyvilon
Fedhas
Qazlal
The Shining One

Annotations:
D:3 exclusion: 2 downstairs


Innate Abilities, Weirdness & Mutations

Your natural rate of healing is unusually fast.
You have razor-sharp teeth.
You have supernaturally acute eyesight. (SInv)
You can survive without breathing.


Message History

Found a glowing dark potion.
An ogre is nearby!
An ogre is nearby!
You hit the ogre.
The ogre is lightly wounded.
The ogre hits you with a +0 giant spiked club!!
You hit the ogre. You bite the ogre.
The ogre is moderately wounded.
The ogre hits you with a +0 giant spiked club!
* * * LOW HITPOINT WARNING * * *
You barely miss the ogre. You bite the ogre.
The ogre is heavily wounded.
You hit the ogre but do no damage.
The ogre is heavily wounded.
The ogre hits you with a +0 giant spiked club!
* * * LOW HITPOINT WARNING * * *
You hit the ogre. You bite the ogre, but do no damage.
The ogre is severely wounded.
The ogre hits you with a +0 giant spiked club!
You die...

##.†.....#.##############
............(......
##....####.........
....#.# #..######.
..###.# ##..## #.# #.#
##..#### ..# ### ##....#
### ####.## #@O#
##....... .....!. #......
...... ...... .....[
.....


You could see an ogre.

Vanquished Creatures
  A centaur (D:4)
  A water moccasin zombie (D:2)
  A howler monkey (D:4)
  A hound (D:4)
  An orc priest (D:3)
  A jelly (D:5)
  A bullfrog skeleton (D:4)
  Natasha (thrice) (D:3)
  An orc wizard (D:4)
  A worker ant (D:4)
  4 gnolls
  7 adders
  A shadow imp (D:2)
  A white imp (D:5)
  2 worms
  2 dart slugs
  3 leopard geckos
  17 orcs
  4 giant cockroaches
  3 goblins
  6 hobgoblins
  13 jackals
  6 kobolds
  A quokka (D:2)
  8 bats
  4 frilled lizards
  4 rats
98 creatures vanquished.

Vanquished Creatures (others)
  A kobold (D:3)
1 creature vanquished.

Grand Total: 99 creatures vanquished

Notes
Turn   | Place    | Note
-------+----------+-------------------------------------------
     0 | D:1      | nightchill the Vampire Gladiator began the quest for the
                  | Orb.
     0 | D:1      | Reached XP level 1. HP: 16/16 MP: 1/1
   358 | D:1      | Reached XP level 2. HP: 22/22 MP: 2/2
   679 | D:1      | Reached XP level 3. HP: 27/27 MP: 3/3
   758 | D:1      | Reached skill level 4 in Long Blades
  1051 | D:2      | Reached XP level 4. HP: 22/34 MP: 4/4
  1714 | D:3      | Noticed Natasha
  1724 | D:3      | Killed Natasha
  1725 | D:3      | Reached skill level 5 in Long Blades
  1725 | D:3      | Reached XP level 5. HP: 41/41 MP: 5/5
  1729 | D:3      | Found a white marble altar of Elyvilon.
  2076 | D:3      | Found a stormy altar of Qazlal.
  2126 | D:3      | Found a snail-covered altar of Cheibriados.
  2184 | D:3      | Noticed Natasha
  2191 | D:3      | Killed Natasha
  2632 | D:4      | Reached XP level 6. HP: 46/47 MP: 6/6
  2635 | D:4      | Found a glowing golden altar of the Shining One.
  2789 | D:4      | Reached skill level 6 in Long Blades
  2875 | D:3      | Noticed Natasha
  2951 | D:3      | Killed Natasha
  3478 | D:4      | Reached XP level 7. HP: 54/54 MP: 7/7
  4114 | D:5      | Entered Level 5 of the Dungeon
  4158 | D:5      | Reached skill level 7 in Long Blades
  4505 | D:5      | Found a blossoming altar of Fedhas.
  4573 | D:5      | Mangled by an ogre

Illustrated notes

Levels and vault maps discovered:
D:1:      amcnicky_arrival_feature_with_door, layout_loops_corners
D:2:      layout_basic
D:3:      layout_basic, kennysheep_slug_shrine, elyvilon_altar_4,
          overflow_temple_1_default, uniq_natasha
D:4:      layout_loops_corners, tso_altar, chequers_mini_garden,
          hangedman_decor_lopped
D:5:      layout_rooms, minmay_temple_entry_trees,
          chequers_serial_rivers_micro_c, solitary_fountain,
          minmay_misc_feat_columns, fedhas_altar_4

Skill      XL: |  1  2  3  4  5  6  7 |
---------------+----------------------+-----
Fighting       | 2 3 4 |  4.4
Long Blades    | 4 5 6 7 |  7.1
Throwing       | |  1.5
Dodging        | |  3.2

Action                   |  1- 3 |  4- 6 |  7- 9 || total
-------------------------+-------+-------+-------++-------
Melee: Long sword        |    86 |   202 |    65 ||   353
       Bite              |    13 |    23 |    13 ||    49
  Use: Potion            |       |     2 |       ||     2
Armor: Chain mail        |    52 |   128 |    28 ||   208
       Leather armour    |     1 |       |       ||     1
Dodge: Dodged            |    45 |    71 |    30 ||   146
       Rpst.: Long sword |    19 |    19 |    13 ||    51
